 Dungeon Crawl Stone Soup version 0.24-a0-416-g56ce5178b7 (webtiles) character file.

Game seed: 9789235613530306066

18 Amnesiac the Skirmisher (level 2, -3/24 HPs)
             Began as a Mummy Monk on June 8, 2019.
             Slain by a leopard gecko (5 damage)
             ... on level 4 of the Dungeon.
             The game lasted 00:01:53 (741 turns).

Amnesiac the Skirmisher (Mummy Monk)                 Turns: 741, Time: 00:01:54

Health: -3/24      AC:  2    Str: 14    XL:     2   Next: 51%
Magic:  2/2        EV: 13    Int:  9    God:
Gold:   73         SH:  0    Dex: 14    Spells: 1/1 levels left

rFire    x . .     SeeInvis +     - Unarmed
rCold    + . .     Gourm    .   (no shield)
rNeg     + + +     Faith    .   a - +0 robe
rPois    ∞         Spirit   .   (no helmet)
rElec    .         Reflect  .   (no cloak)
rCorr    .         Harm     .   (no gloves)
MR       .....                  (no boots)
Stlth    ++........             (no amulet)
HPRegen  0.08/turn              b - ring of see invisible
MPRegen  0.08/turn              (no ring)

@: no status effects
A: no food or potions, fire vulnerability, cold resistance 1, negative energy
resistance 3, torment resistance, unbreathing
a: no special abilities


You were on level 4 of the Dungeon.
You were not hungry.

You visited 1 branch of the dungeon, and saw 4 of its levels.

You collected 73 gold pieces.

Inventory:

Armour
 a - a +0 robe (worn)
Jewellery
 b - a ring of see invisible (left hand)
Wands
 d - a wand of polymorph (9)


   Skills:
 + Level 3.3 Fighting
 - Level 2.4 Dodging
 - Level 1.5 Stealth
 * Level 3.0 Unarmed Combat


You had one spell level left.
You didn't know any spells.
Your spell library was empty.

Dungeon Overview and Level Annotations

Branches:
Dungeon (4/15)             Temple (0/1) D:4

Altars:

Annotations:
D:4 Eustachio, Ijyb


Innate Abilities, Weirdness & Mutations

You do not eat or drink.
Your flesh is vulnerable to fire.
You are immune to poison.
Your flesh is cold resistant. (rC+)
You are immune to negative energy. (rN+++)
You are immune to unholy pain and torment.
You can survive without breathing.


Message History

Found a ration.
A quokka comes into view.
A quokka is nearby!
The quokka barely misses you.
You barely miss the quokka. The quokka bites you.
You closely miss the quokka. The quokka barely misses you.
You hit the quokka.
The quokka is severely wounded.
The quokka bites you.
You hit the quokka.
You kill the quokka!
No target in view!
You see here a quokka corpse.
No target in view!
Found 14 bolts.
You see here 14 bolts.
HP restored.
Ijyb the Twisted Goblin comes into view.
She is carrying a wand of iceblast (8).
Press: ? - help, v - describe, . - travel
Here: Ijyb, wearing a +0 leather armour and carrying a wand of iceblast (8) (resting)
The floor.
Placed new exclusion.
You see here a quokka corpse.
You see here a ration.
Found 7 stones.
You see here 7 stones.
You see here 7 stones.
You see here a ration.
You now have 50 gold pieces (gained 12).
Key pressed, stopping explore.
You now have 67 gold pieces (gained 17).
d - a wand of polymorph (9)
You now have 73 gold pieces (gained 6).
An orc comes into view. It is wielding a +0 whip.
The orc shouts!
You hear a shout! x4; You hear an angry hiss.
An orc is nearby!
An orc priest comes into view. It is wielding a +0 hand axe.
The orc priest looks encouraged for a moment.
The orc priest calls down the wrath of Beogh upon you.
Beogh smites you!
Really read
c - a scroll labeled NATHRO IMIJYPNU {!r}?
As you read the scroll labeled NATHRO IMIJYPNU {!r}, it crumbles to dust.
You feel blessed for a moment.
It was a scroll of remove curse {!r}.
The orc closely misses you.
Found a smoky golden potion.
You see here a smoky golden potion {!q}.
The orc priest looks braver for a moment.
A leopard gecko comes into view.
The orc priest invokes the aid of Beogh against you.
Beogh smites you!
Ouch! That really hurt!
* * * LOW HITPOINT WARNING * * *
The leopard gecko hisses angrily.
The leopard gecko misses you. The leopard gecko bites you.
* * * LOW HITPOINT WARNING * * *
You open the door.
Eustachio the Magnificent comes into view.
He is wielding a -1 rapier.
The leopard gecko bites you but does no damage.
Found a staircase to the Ecumenical Temple.
A worm comes into view.
There is an open door here.
The leopard gecko bites you.
You die...

###.#......#....#
#........#.#.o..#
#.#.#....#.#.##.#
#.#.#....#.o....#
######.#......#.##o#.#
.......###########'###
######## #.wo..# #
#l###.# # +@#>#.+ #
#.#+#.# # #....@#
######## ###+###
.......# ######.# #.#
g #.# ##. #.# ...


You could see a worm, an orc priest, an orc and a leopard gecko.

Vanquished Creatures
  A dart slug (D:2)
  3 giant cockroaches
  4 jackals (D:1)
  2 kobolds (D:1)
  A quokka (D:4)
  3 rats
14 creatures vanquished.

Notes
Turn   | Place    | Note
-------+----------+-------------------------------------------
     0 | D:1      | Amnesiac the Mummy Monk began the quest for the Orb.
     0 | D:1      | Reached XP level 1. HP: 18/18 MP: 1/1
   150 | D:1      | Reached XP level 2. HP: 11/24 MP: 2/2
   497 | D:4      | Noticed Ijyb
   737 | D:4      | Found a staircase to the Ecumenical Temple.
   737 | D:4      | Noticed Eustachio
   741 | D:4      | Slain by a leopard gecko

Levels and vault maps discovered:
D:1:      tarquinn_simple_flora_water_e, layout_basic
D:2:      layout_basic, kennysheep_ying_yang,
          grunt_temple_overflow_order_and_chaos_2, uniq_jessica, uniq_robin
D:3:      layout_basic, dk_vineyard_2, kennysheep_generic_room_13, uniq_sigmund
D:4:      layout_basic, minmay_temple_entry_glassed_door, first_ration,
          uniq_edmund, uniq_eustachio, uniq_ijyb

Skill      XL: |  1  2 |
---------------+-------+-----
Unarmed Combat | 3 |  3.0
Fighting       | |  3.3
Dodging        | |  2.4
Stealth        | |  1.5

Action                   || total
-------------------------++-------
Melee: Unarmed           ||    69
       Punch             ||     1
  Use: Scroll            ||     1
 Stab: Sleeping          ||     1
Armor: Robe              ||    11
Dodge: Dodged            ||    45

Table legend:
 A = Non-vault XP
 B = Vault XP
 C = Vault XP percentage of total XP
 D = Non-vault monster count
 E = Vault monster count
 F = Vault count percentage of total count
                 A         B        C        D         E       F
            +---------+---------+-------+---------+---------+-------
      Total |      27 |       0 |   0.0 |      14 |       0 |   0.0
            +---------+---------+-------+---------+---------+-------
        D:1 |      17 |       0 |   0.0 |       9 |       0 |   0.0
        D:2 |       6 |       0 |   0.0 |       3 |       0 |   0.0
        D:3 |       2 |       0 |   0.0 |       1 |       0 |   0.0
        D:4 |       2 |       0 |   0.0 |       1 |       0 |   0.0
            +---------+---------+-------+---------+---------+-------
